 Dungeon Crawl Stone Soup version 0.24.1-5-g77f818bfca (webtiles) character file.

Game seed: 6769272949439489987, levelgen mode: deterministic

47 Nixze the Shooter (level 3, -5/30 HPs)
             Began as a Centaur Hunter on Apr 22, 2020.
             Slain by a killer bee zombie (6 damage)
             ... on level 2 of the Dungeon.
             The game lasted 00:03:20 (1671 turns).

Nixze the Shooter (Centaur Hunter)                  Turns: 1671, Time: 00:03:21

Health: -5/30      AC:  4    Str: 15    XL:     3   Next: 48%
Magic:  3/3        EV:  9    Int: 10    God:
Gold:   67         SH:  0    Dex:  9    Spells: 2/2 levels left

rFire    . . .     SeeInvis .   b - +0 dagger
rCold    . . .     Gourm    .   (no shield)
rNeg     . . .     Faith    .   c - +0 leather armour
rPois    .         Spirit   .   (no helmet)
rElec    .         Reflect  .   (no cloak)
rCorr    .         Harm     .   (no gloves)
MR       .....                  (no barding)
Stlth    +.........             (no amulet)
HPRegen  0.10/turn              (no ring)
MPRegen  0.08/turn              (no ring)

@: very quick
A: large, hooves 3, deformed body, speed 2, tough skin 3
a: no special abilities


You were on level 2 of the Dungeon.
You were not hungry.

You visited 1 branch of the dungeon, and saw 2 of its levels.

You collected 67 gold pieces.

Inventory:

Hand Weapons
 a - a +1 shortbow
 b - a +0 dagger (weapon)
Missiles
 d - 41 arrows
 e - 27 stones (quivered)
Armour
 c - a +0 leather armour (worn)
Scrolls
 i - 3 scrolls of identify {unknown}
 k - a scroll of fog {unknown}
Potions
 g - a potion of haste {unknown}
 h - a potion of berserk rage {unknown}
Comestibles
 f - 2 rations
 j - 2 chunks of flesh


   Skills:
 + Level 2.7 Fighting
 * Level 6.5 Bows
 - Level 1.3 Dodging
 - Level 0.4 Stealth


You had 2 spell levels left.
You didn't know any spells.
Your spell library was empty.

Dungeon Overview and Level Annotations

Branches:
Dungeon (2/15)

Altars:
Ashenzari


Innate Abilities, Weirdness & Mutations

You have hooves in place of feet.
Armour fits poorly on your strangely shaped body.
You cover ground very quickly.
You have extremely tough skin. (AC +3)


Message History

The arrow completely misses the killer bee zombie.
The killer bee zombie hits you.
* * * LOW HITPOINT WARNING * * *
Firing (i - inventory. (/) - cycle)
d - 42 arrows (quivered)
Press: ? - help, Shift-Dir - straight line, f/p - killer bee zombie
Aim: a killer bee zombie (lightly damaged)
You shoot an arrow. The arrow hits the killer bee zombie!
The killer bee zombie is heavily damaged.
The killer bee zombie hits you.
* * * LOW HITPOINT WARNING * * *
The killer bee zombie hits you.
* * * LOW HITPOINT WARNING * * *
b - a +0 dagger (weapon)
The killer bee zombie closely misses you.
You closely miss the killer bee zombie. Your kick misses the killer bee zombie.
The killer bee zombie is heavily damaged.
The killer bee zombie hits you.
* * * LOW HITPOINT WARNING * * *
The killer bee zombie hits you.
You die...

############
...........######
...........#....########
...(.(..?(†Z@...........
...........#..........#
...........##.........#
...#.......##.........#
#..........##.........#
...........##.........#
..#..########.........#
............#.........#
........#.........#


You could see a killer bee zombie.

Vanquished Creatures
  An ooze (D:2)
  2 worms (D:2)
  A leopard gecko (D:1)
  3 giant cockroaches
  5 goblins
  2 hobgoblins
  4 jackals (D:1)
  A ball python (D:1)
  5 bats
  3 frilled lizards
  5 kobolds
  2 rats (D:1)
34 creatures vanquished.

Notes
Turn   | Place    | Note
-------+----------+-------------------------------------------
     0 | D:1      | Nixze the Centaur Hunter began the quest for the Orb.
     0 | D:1      | Reached XP level 1. HP: 17/17 MP: 1/1
    31 | D:1      | You fall into a shaft and drop 1 floor!
   241 | D:1      | Reached XP level 2. HP: 23/24 MP: 2/2
   529 | D:1      | Found a shattered altar of Ashenzari.
   553 | D:1      | Reached skill level 6 in Bows
  1191 | D:2      | Reached XP level 3. HP: 27/30 MP: 3/3
  1671 | D:2      | HP: 1/30 [killer bee zombie (1)]
  1671 | D:2      | Slain by a killer bee zombie

Levels and vault maps discovered:
D:1:      dpeg_arrival_round_c, layout_rooms, nicolae_ashenzari_panopticon
D:2:      layout_basic, minmay_misc_feat_plants

Skill      XL: |  1  2 |
---------------+-------+-----
Bows           | 6 |  6.5
Fighting       | |  2.7
Dodging        | |  1.3
Stealth        | |  0.4

Action                   || total
-------------------------++-------
Melee: Short sword       ||    63
       Kick              ||    13
       Dagger            ||    41
 Fire: Shortbow          ||    15
Throw: Stone             ||    53
  Eat: Chunk             ||     2
Armor: Leather armour    ||    53
Dodge: Dodged            ||    58
